cohdb
Replays
Latest Replays
All Replays
Popular Replays
Top Player Replays
Match Explorer
How It Works
Community
CoH3 Stats
Reddit
Sign in to upload your games and track your stats! →
Sign in with Steam
5vp left vs 400 vp come back with Italian Stalian Style
Match 41496796
Overview
Messages
Build Orders
End
Construct Infanterie Kompanie
Selects Terror Battlegroup
Selects Terror Battlegroup
MG 42 Machine Gun Team
Selects Machine Gun Camouflage
MG 42 Machine Gun Team
Forward Retreat Point
Construct Panzergrenadier Kompanie
Panzergrenadier Squad
251 Medium Carrier
GrW 34 Mortar Team
Support Elements
Nebelwerfer 42 Rocket Launcher Team
Construct Panzer Kompanie
Panzergrenadier Squad
Panzer IV Medium Tank
Selects Defend the Fatherland
Selects Interrogate
Panzer IV Medium Tank
Repair Bunker
Panzer Officer Quarters
Repair Bunker
Panzer IV Medium Tank
Side Skirts
Pak 40 Anti-tank Gun Team
Panzer IV Medium Tank
Selects Jericho Trumpet
Selects V1 Rocket Strike
Selects King Tiger Heavy Tank
V1 Rocket Strike
Panzergrenadier Officer Quarters
Infanterie Officer Quarters
V1 Rocket Strike
MG 42 Bunker
Bosman
Mochi_flamer
【嗜血狼族】灵狐魅儿
白象火鸡面真好吃
Fredwick
C.R575
Happy Se Hyeon
Noch
0
0
Comments
sign in to comment!
No comments posted yet!